 Dungeon Crawl Stone Soup version 0.27.0-66-gdc8fb28755 (webtiles) character file.

Game seed: 2138990270511545472

302 Malachi the Ruffian (level 6, -2/82 HPs)
             Began as a Troll Hunter on Aug 20, 2021.
             Slain by a gnoll shaman (5 damage)
             ... on level 4 of the Dungeon.
             The game lasted 00:02:52 (2257 turns).

Malachi the Ruffian (Troll Hunter)                  Turns: 2257, Time: 00:02:52

Health: -2/82      AC: 23    Str: 23    XL:     6   Next: 14%
Magic:  5/5        EV:  1    Int:  7    God:
Gold:   140        SH:  0    Dex: 10    Spells: 5/5 levels left

rFire    . . .     SeeInvis .     - Unarmed
rCold    . . .     Faith    .   (no shield)
rNeg     + + +     Spirit   .   (armour currently unavailable)
rPois    +         Reflect  .   (helmet currently unavailable)
rElec    .         Harm     .   (cloak currently unavailable)
rCorr    .         Rampage  .   (gloves unavailable)
Will     .....     NoTele   +   (boots unavailable)
Stlth    +.........             (no amulet)
HPRegen  1.23/turn              (no ring)
MPRegen  0.09/turn              (no ring)

@: tree-form
A: stationary, stasis, torment immunity, boosted hp, large, unfitting armour,
(claws 3), regeneration 1, (shaggy fur 1), (tough skin 1)
a: no special abilities


You were on level 4 of the Dungeon.
You were a tree.
You visited 1 branch of the dungeon, and saw 4 of its levels.

You collected 140 gold pieces.

Inventory:

Missiles
 a - 3 boomerangs
 c - 4 large rocks (quivered)
 d - 2 throwing nets
 l - 16 poisoned darts
Armour
 b - a +1 robe (melded)
Jewellery
 g - a ring of magical power
Wands
 j - a wand of charming (7)
Scrolls
 e - 8 scrolls of identify
 f - 2 scrolls of teleportation {unknown}
 o - a scroll of vulnerability {unknown}
Potions
 h - a potion of lignification
 i - 2 potions of ambrosia {unknown}
 k - 5 potions of curing {unknown}
 m - 4 potions of attraction {unknown}
 n - 2 potions of heal wounds {unknown}


   Skills:
 - Level 1.5 Fighting
 - Level 3.6 Throwing
 - Level 1.5 Dodging
 - Level 0.3 Stealth
 * Level 6.1 Unarmed Combat


You had 5 spell levels left.
You didn't know any spells.
Your spell library contained the following spells:

 Spells                   Type           Power      Damage    Failure   Level
 Beastly Appendage        Tmut           0%         N/A       43%         1
 Wereblood                Tmut           0%         N/A       56%         2
 Spider Form              Tmut/Pois      0%         N/A       80%         3
 Iskenderun's Battlesphe  Conj           0%         2d6       100%        5
 Iron Shot                Conj/Erth      0%         9d1       100%        6
 Spellforged Servitor     Conj/Summ      0%         N/A       100%        7


Dungeon Overview and Level Annotations

Branches:
Dungeon (4/15)
 Temple: D:4-7

Altars:


Innate Abilities, Weirdness & Mutations

You are a tree.
Your roots penetrate the ground, keeping you stationary.
You cannot be teleported.
You are immune to unholy pain and torment.
Your maximum health is greatly increased.
Your equipment is partially melded.
You are too large for most types of armour.
((You have claws for hands.))
Your natural rate of healing is unusually fast.
((You are covered in fur. (AC +1)))
((You have tough skin. (AC +1)))


Message History

You claw the gnoll shaman!
The gnoll shaman is severely wounded.
The gnoll closely misses you.
You completely miss the gnoll shaman.
The gnoll shaman is severely wounded.
The gnoll hits you with a +0 spear.
The gnoll shaman hits you with a +0 whip.
The gnoll misses you.
Unknown command.
The gnoll hits you but does no damage. The gnoll hits you with a +0 whip.
The gnoll shaman hits you with a +0 whip!
The gnoll hits you from afar with a +0 spear.
The gnoll barely misses you.
The gnoll hits you from afar with a +0 spear! x2
* * * LOW HITPOINT WARNING * * *
The gnoll hits you but does no damage. The gnoll shaman misses you.
An adder comes into view.
Throw: 5 large rocks
Press: ? - help, Q - select action, (/) - cycle Shift-Dir - straight line, f - gnoll shaman
Aim: a gnoll shaman, wielding a +0 whip and wearing a +0 leather armour (severely wounded, 60% to hit)
You throw a large rock.
The large rock barely misses the gnoll shaman.
The large rock hits the gnoll!!
You kill the gnoll!
The adder hisses angrily.
The gnoll hits you from afar with a +0 spear!
* * * LOW HITPOINT WARNING * * *
The gnoll shaman hits you with a +0 whip!
* * * LOW HITPOINT WARNING * * *
The gnoll barely misses you.
Unknown command.
Throw: 4 large rocks
Press: ? - help, Q - select action, (/) - cycle Shift-Dir - straight line, f - iguana, p - gnoll shaman
Aim: an iguana (60% to hit)
Okay, then.
It was a potion of lignification.
You turn into a tree.
Your +1 robe melds into your body.
Your roots penetrate the ground.
The gnoll shaman hits you with a +0 whip.
You die...

#...##.........(.....#
#...##.#.#...........#
#...#..#.............#
#.###.###..#........###
#.#...# #..##......## #
#...### #..######### #
#..## #..# #
#..######..# #
#####.♣ggl.# #
#.###g.## # #.##....##
# #S#..g...# #
#.#..)...# # #.##....##
# #. ##..## #. ##.# .#


You could see a gnoll shaman, an iguana, 2 gnolls and an adder.

Vanquished Creatures
  A bullfrog (D:4)
  A hound (D:4)
  An iguana (D:4)
  A killer bee zombie (D:3)
  2 adders
  3 gnolls
  An ufetubus (D:4)
  4 worms
  2 dart slugs
  2 orcs (D:3)
  6 endoplasms
  6 giant cockroaches
  7 goblins
  3 hobgoblins
  14 jackals
  4 quokkas
  6 ball pythons
  4 bats
  6 frilled lizards
  A jackal skeleton (D:4)
  10 kobolds
  A quokka skeleton (D:4)
  8 rats
94 creatures vanquished.

Notes
Turn   | Place    | Note
-------+----------+-------------------------------------------
     0 | D:1      | Malachi the Troll Hunter began the quest for the Orb.
     0 | D:1      | Reached XP level 1. HP: 19/19 MP: 0/0
    61 | D:1      | Reached skill level 1 in Unarmed Combat
    81 | D:1      | Reached XP level 2. HP: 27/27 MP: 1/1
   136 | D:1      | Reached skill level 2 in Unarmed Combat
   253 | D:1      | Reached XP level 3. HP: 31/33 MP: 2/2
   257 | D:1      | Reached skill level 3 in Unarmed Combat
   607 | D:2      | You fall into a shaft and drop 2 floors!
   613 | D:4      | Reached skill level 4 in Unarmed Combat
   613 | D:4      | Reached XP level 4. HP: 35/41 MP: 3/3
  1519 | D:3      | Found a faded altar of an unknown god.
  1566 | D:3      | Reached XP level 5. HP: 34/48 MP: 4/4
  1744 | D:4      | Reached skill level 5 in Unarmed Combat
  2014 | D:4      | Reached skill level 6 in Unarmed Combat
  2014 | D:4      | Reached XP level 6. HP: 44/55 MP: 5/5
  2256 | D:4      | HP: 1/55 [gnoll shaman (7)]
  2257 | D:4      | Slain by a gnoll shaman

Illustrated notes

Levels and vault maps discovered:
D:1:      dpeg_arrival_rooms_b, layout_rooms
D:2:      layout_loops_cross, kennysheep_doodads, minmay_circle_x
D:3:      layout_rooms, chequers_ecumenical_altar_simple, serial_park_tiny_2,
          grunt_ministairs_12
D:4:      layout_rooms, serial_park_tiny_1, chequers_jeans,
          lightli_corner_chamber

Skill      XL: |  1  2  3  4  5 |
---------------+----------------+-----
Unarmed Combat | 1 2 4 6 |  6.1
Fighting       | |  1.5
Throwing       | |  3.6
Dodging        | |  1.5
Stealth        | |  0.3

Action                   |  1- 3 |  4- 6 || total
-------------------------+-------+-------++-------
Melee: Unarmed           |   120 |   132 ||   252
       Punch             |     2 |     2 ||     4
Throw: Large rock        |       |     1 ||     1
  Use: Scroll            |     3 |       ||     3
       Potion            |       |     1 ||     1
 Stab: Sleeping          |     2 |       ||     2
Armor: Robe              |    52 |    52 ||   104
Dodge: Dodged            |    61 |    63 ||   124
